 Dungeon Crawl Stone Soup version 0.30-a0-930-gb9d0489357 (webtiles) character file.

Game seed: 15941137490541933526

10742 holysushi the Martial Artist (level 11, -3/45 (63) HPs)
             Began as a Vampire Monk on Mar 24, 2023.
             Was a Believer of Ru.
             Killed from afar by a lindwurm (12 damage)
             ... with a blast of flame
             ... on level 1 of the Lair of Beasts.
             The game lasted 00:23:33 (13811 turns).

holysushi the Martial Artist (Vampire Monk)        Turns: 13811, Time: 00:23:33

HP:   -3/45 (63)    AC:  0    Str: 10    XL:     11   Next: 40%
MP:   0/8           EV: 31    Int: 13    God:    Ru [**....]
Gold: 628           SH:  0    Dex: 26    Spells: 10/10 levels left

rFire   . . .      SeeInvis +      - Unarmed
rCold   + + .      Faith    .    (shield currently unavailable)
rNeg    + + +      Spirit   +    a - melded +2 robe
rPois   ∞          Reflect  .    (helmet currently unavailable)
rElec   .          Rampage  .    (cloak currently unavailable)
rCorr   .                        (gloves currently unavailable)
Will    +....                    (boots currently unavailable)
Stlth   +++++++                  v - amulet "Tott" {Spirit +Inv}
HPRegen 0.00/turn                (ring currently unavailable)
MPRegen 0.11/turn                (ring currently unavailable)

@: bat-form, flying, bloodless, inhibited regen, very heavily drained, very
quick
A: fast, flying, no casting, tiny, bloodless, fangs 3, see invisible, low MP 2,
no hexes magic, no ice magic, no necromancy magic, vampiric 2
a: Revivify, End Transformation, Renounce Religion, Evoke Invisibility


You were on level 1 of the Lair of Beasts.
You worshipped Ru.
Ru was pleased with you.
You were a vampire bat.
You visited 3 branches of the dungeon, and saw 13 of its levels.
You also visited: Ossuary and Bailey.

You collected 628 gold pieces.

Inventory:

Missiles
 l - 2 throwing nets (quivered)
Armour
 a - a +2 robe (melded)
Jewellery
 b - a +6 ring of intelligence
 p - an amulet of magic regeneration
 u - a ring of protection from cold
 v - the amulet "Tott" (around neck) {Spirit +Inv}
   (You found it on level 7 of the Dungeon)

   [amulet of guardian spirit]

   It causes incoming damage to be divided between your reserves of health and
   magic.
   +Inv:      It lets you turn invisible.
 x - a +6 ring of strength
Wands
 t - a wand of flame (37)
 z - a wand of polymorph (13)
 I - a wand of roots (4)
 J - a wand of mindburst (5)
Scrolls
 e - a scroll of fog
 h - 6 scrolls of teleportation
 j - 5 scrolls of amnesia
 k - 3 scrolls of poison
 n - 2 scrolls of enchant weapon
 s - 2 scrolls of enchant armour
 w - a scroll of noise
 G - a scroll of acquirement {unknown}
 H - 3 scrolls of identify
Potions
 c - 3 potions of attraction
 d - 6 potions of haste
 f - 5 potions of brilliance
 g - 7 potions of curing
 i - 2 potions of resistance
 m - a potion of berserk rage
 o - a potion of lignification
 q - a potion of degeneration
 r - a potion of flight
 A - a potion of magic
 B - 4 potions of might {unknown}
 C - 2 potions of mutation {unknown}
 D - 4 potions of heal wounds {unknown}
 E - 2 potions of cancellation {unknown}
 F - 2 potions of experience {unknown}


   Skills:
 - Level 5.0 Fighting
 + Level 9.6 Dodging
 + Level 9.8 Stealth
 + Level 13.6 Unarmed Combat
 + Level 6.9 Evocations


You had 10 spell levels left.
You didn't know any spells.
Your spell library contained the following spells:

 Spells                   Type           Power      Damage    Failure   Level
 Magic Dart               Conj           0%         1d3       30%         1
 Shock                    Conj/Air       0%         1d3       30%         1
 Mephitic Cloud           Conj/Pois/Air  0%         N/A       67%         3
 Ozocubu's Armour         Ice            Unusable   N/A       N/A         3
 Ozocubu's Refrigeration  Ice            Unusable   4d7       N/A         7

Dungeon Overview and Level Annotations

Branches:
Dungeon (11/15) Zot: 26657  Temple (1/1) D:4 Zot: 5697    Lair (1/5) D:11 Zot: 4646
Ossuary (visited)          Bailey (visited)
    Orc: D:9-12

Altars:
Ashenzari
Cheibriados
Dithmenos
Fedhas
Gozag
Hepliaklqana
Kikubaaqudgha
Makhleb
Nemelex Xobeh
Okawaru
Qazlal
Ru
Sif Muna
Trog
Uskayaw
Vehumet
Wu Jian
Xom
Yredelemnul

Annotations:
D:8 1 transporter, GuildmasterMusic's ghost, novice MiFi
D:11 exclusion: ugly thing


Innate Abilities, Weirdness & Mutations

You are a vampire bat.
You are tiny and dextrous.
You move quickly.
You are flying.
You are immune to poison.
Your equipment is almost entirely melded.
You are incapable of wielding weapons or throwing items.
You cannot cast spells.
You do not regenerate when monsters are visible.
You are frail without blood (-20% HP).
You can heal yourself when you bite living creatures.
You are immune to poison.
You have razor-sharp teeth.
You have supernaturally acute eyesight. (SInv)
Your magical capacity is very low. (-20% MP)
You cannot study or cast Hexes magic.
You cannot study or cast Ice magic.
You cannot study or cast Necromancy magic.
You are afflicted with vampirism and can become a bat while bloodless.


Message History

A lindwurm is nearby!
A lindwurm is nearby!
You feel drained.
You fail to use your ability.
You feel drained.
You fail to use your ability.
You start waiting.
A lindwurm is nearby!
You see here a cane toad corpse.
The lindwurm roars!
The lindwurm closely misses you. The lindwurm barely misses you.
The lindwurm claws you.
You bite the lindwurm!
The lindwurm is moderately wounded.
The lindwurm bites you! The lindwurm claws you. The lindwurm barely misses you.
You bite the lindwurm!
The lindwurm is heavily wounded.
You hit the lindwurm but do no damage.
The lindwurm is heavily wounded.
The lindwurm barely misses you. The lindwurm closely misses you.
The lindwurm barely misses you.
You hit the lindwurm but do no damage.
The lindwurm is heavily wounded.
The lindwurm begins to attack, but is stunned by your conviction!
You bite the lindwurm!
The lindwurm is severely wounded.
The lindwurm is stunned by your conviction and fails to attack.
You hit the lindwurm but do no damage.
You bite the lindwurm, but do no damage.
The lindwurm is severely wounded.
You hit the lindwurm.
The lindwurm is severely wounded.
The lindwurm breathes flames at you. The blast of flame hits you!!
Ouch! That really hurt!
* * * LOW HITPOINT WARNING * * *
You are too injured to fight recklessly!
You are too injured to fight recklessly!
You feel drained.
You fail to use your ability.
The lindwurm breathes flames at you. The blast of flame hits you!
You die...

...#####..............
....#.##..............
......................
....#.####.###.......#
....### ### #.......#
....## #.......#
.....# #.#####.#
###.## ##.#k..+ # #.#
##..#b..#.#
#.#.######.#.......#
#..........†.#...#....
.>............#### ...
.................... .
....................
....................
########P#P.#P##.###
######## ##


You could see a lindwurm (catching breath).

Vanquished Creatures
  A catoblepas (Lair:1)
  2 lindwurms (Lair:1)
  6 cane toads (Lair:1)
  2 komodo dragons (Lair:1)
  2 hornets (D:9)
  A shadow (D:11)
  2 basilisks (Lair:1)
  15 yaks
  A steam dragon (D:7)
  3 acid dragons
  An orc warrior (D:9)
  A sky beast (Bailey)
  2 ice beasts
  A black bear (D:6)
  An ogre (D:6)
  8 centaurs
  A phantom (D:6)
  2 kobold brigands
  A gnoll sergeant (D:9)
  5 bullfrogs
  5 scorpions
  11 wights
  4 killer bees (D:9)
  2 hounds
  4 jellies
  4 orc priests
  A sleepcap (D:4)
  5 iguanas
  2 orc wizards (D:7)
  A mummy (Ossuary)
  19 gnolls
  5 adders
  A shadow imp (D:7)
  4 white imps
  An ufetubus (D:5)
  2 worms
  A dart slug (D:1)
  30 orcs
  4 spectral bats (Ossuary)
  7 ball pythons
  4 endoplasms
  5 giant cockroaches
  10 goblins
  8 hobgoblins
  6 jackals
  16 kobolds
  A quokka (D:2)
  6 bats
  2 bat simulacra (Ossuary)
  5 frilled lizards
  12 gnoll zombies (Ossuary)
  2 goblin simulacra (Ossuary)
  5 goblin zombies (Ossuary)
  4 hobgoblin zombies (Ossuary)
  A kobold simulacrum (Ossuary)
  6 kobold zombies (Ossuary)
  3 orc zombies (Ossuary)
  6 rats
  4 rat simulacra (Ossuary)
  4 spectral goblins (Ossuary)
  9 spectral kobolds (Ossuary)
290 creatures vanquished.

Vanquished Creatures (others)
  An iguana (D:6)
  A kobold (D:10)
  4 fungi (Lair:1)
  3 plants (Lair:1)
9 creatures vanquished.

Grand Total: 299 creatures vanquished

Notes
Turn   | Place    | Note
-------+----------+-------------------------------------------
     0 | D:1      | holysushi the Vampire Monk began the quest for the Orb.
     0 | D:1      | Reached XP level 1. HP: 17/17 MP: 1/1
   118 | D:1      | Reached skill level 4 in Unarmed Combat
   118 | D:1      | Reached XP level 2. HP: 20/23 MP: 2/2
   621 | D:1      | Gained mutation: You are afflicted with vampirism and can
                  | become a bat while bloodless. [Vampire growth]
   621 | D:1      | Reached XP level 3. HP: 20/28 MP: 3/3
  1349 | D:2      | Reached skill level 5 in Unarmed Combat
  1749 | D:2      | Reached XP level 4. HP: 20/27 MP: 4/4
  2392 | D:3      | Noticed a scorpion
  2399 | D:3      | Killed a scorpion
  2400 | D:3      | Reached skill level 6 in Unarmed Combat
  2400 | D:3      | Reached XP level 5. HP: 24/31 MP: 5/5
  2553 | D:3      | Got the Papyrus of the Discharge and the Bane
  2679 | D:3      | Found a faded altar of an unknown god.
  3077 | D:4      | Reached skill level 7 in Unarmed Combat
  3168 | D:4      | Found a staircase to the Ecumenical Temple.
  3182 | Temple   | Entered the Ecumenical Temple
  3622 | Temple   | Became a worshipper of Ru the Awakened
  3649 | Temple   | Gained mutation: You cannot study or cast Ice magic. [Ru
                  | sacrifice]
  3649 | Temple   | Gained mutation: You cannot study or cast Hexes magic. [Ru
                  | sacrifice]
  3649 | Temple   | Gained mutation: You cannot study or cast Necromancy magic.
                  | [Ru sacrifice]
  3649 | Temple   | Reached * piety under Ru
  3742 | D:4      | Reached XP level 6. HP: 3/36 MP: 6/6
  4226 | D:5      | Entered Level 5 of the Dungeon
  4624 | D:5      | Reached XP level 7. HP: 38/41 MP: 7/7
  4750 | D:5      | Reached skill level 8 in Unarmed Combat
  4780 | D:5      | Found a sand-covered staircase.
  4790 | Ossuary  | Entered an ossuary
  4995 | Ossuary  | Reached skill level 1 in Evocations
  6255 | D:6      | Reached skill level 5 in Dodging
  6255 | D:6      | Reached XP level 8. HP: 26/48 MP: 8/8
  6552 | D:6      | Reached skill level 5 in Stealth
  6910 | D:6      | Reached skill level 9 in Unarmed Combat
  6911 | D:6      | Gained mutation: Your magical capacity is low. (-10% MP)
                  | [Ru sacrifice]
  6993 | D:6      | Reached skill level 5 in Fighting
  7215 | D:7      | Reached XP level 9. HP: 50/54 MP: 8/8
  7484 | D:7      | Reached skill level 10 in Unarmed Combat
  8239 | D:7      | Identified the amulet "Tott" {Spirit +Inv}
  8603 | D:8      | Found a broken altar of Ashenzari.
  8678 | D:8      | Noticed a two-headed ogre
  8680 | D:8      | Found a transporter.
  8680 | D:8      | Noticed GuildmasterMusic's ghost (novice MiFi)
  8789 | D:8      | Reached skill level 11 in Unarmed Combat
  9029 | D:8      | Found a hide-covered altar of Uskayaw.
  9029 | D:8      | Found a burning altar of Makhleb.
  9336 | D:8      | Reached XP level 10. HP: 37/59 MP: 6/9
  9595 | D:9      | Gained mutation: Your magical capacity is very low. (-20%
                  | MP) [Ru sacrifice]
  9595 | D:9      | Reached ** piety under Ru
  9604 | D:9      | Reached skill level 12 in Unarmed Combat
  9857 | D:9      | Found a flagged portal.
  9869 | Bailey   | Entered a bailey
 10560 | D:9      | Reached skill level 5 in Evocations
 10831 | D:10     | Entered Level 10 of the Dungeon
 10952 | D:10     | Noticed a two-headed ogre
 11235 | D:10     | Noticed a gargoyle
 11641 | D:10     | Noticed a manticore
 11763 | D:11     | Noticed a purple ugly thing
 12013 | D:11     | Found a staircase to the Lair.
 12228 | Lair:1   | Entered Level 1 of the Lair of Beasts
 12524 | Lair:1   | Noticed a cane toad
 12539 | Lair:1   | Killed a cane toad
 12567 | Lair:1   | Reached skill level 13 in Unarmed Combat
 12716 | Lair:1   | Noticed a cane toad
 12730 | Lair:1   | Killed a cane toad
 12816 | Lair:1   | Reached XP level 11. HP: 54/63 MP: 7/8
 13020 | Lair:1   | Noticed a lindwurm
 13027 | Lair:1   | Noticed a lindwurm
 13028 | Lair:1   | Noticed a lindwurm
 13245 | Lair:1   | Killed a lindwurm
 13321 | Lair:1   | Noticed a catoblepas
 13349 | Lair:1   | Killed a catoblepas
 13652 | Lair:1   | Killed a lindwurm
 13811 | Lair:1   | Killed from afar by a lindwurm

Illustrated notes

Levels and vault maps discovered:
D:1:      scummos_arrival_simple_fountains, layout_loops_corners
D:2:      minmay_inner_zag, layout_loops_cross, serial_forest,
          infiniplex_forest_lined_room_3, infiniplex_forest_lined_3,
          infiniplex_forest_zigzag_1, infiniplex_forest_end_2,
          infiniplex_forest_end_2, infiniplex_forest_lined_room_,
          infiniplex_forest_clump_small, infiniplex_forest_clump_large
D:3:      layout_loops_ring, hellmonk_ecumenical_altar_leap_of_faith,
          minmay_between
D:4:      layout_rooms, minmay_temple_entry_statues_fountains,
          chequers_serial_rivers_micro_a
D:5:      layout_loops_ring, lightli_ossuary_entry_decrepit_ruins
D:6:      layout_basic, grunt_ministairs_13, kennysheep_crisscross,
          corexii_hall_statues_l, chequers_decorated_corner,
          small_statue_intersection
D:7:      layout_loops_ring
D:8:      layout_rooms, gammafunk_temple_overflow_pools, kennysheep_mini,
          gammafunk_ghost_smash
D:9:      layout_cave_pools, enter_bailey_3, minmay_holes, due_unseen_surprise
D:10:     layout_long_grid, minmay_increasing_density
D:11:     layout_loops_corners, lair_entry_dummy, gauntlet_entry_generic
Temple:   nicolae_temple_bog_church
Lair:1:   layout_chaotic_city, nicolae_lair_lindhole

Skill      XL: |  1  2  3  4  5  6  7  8  9 10 11 |
---------------+----------------------------------+-----
Unarmed Combat | 4 5 6 7 8 9 11 13 | 13.6
Fighting       | 3 4 5 |  5.0
Dodging        | 4 5 6 8 9 |  9.6
Evocations     | 2 3 6 |  6.9
Stealth        | 4 7 9 |  9.8

Action                     |  1- 3 |  4- 6 |  7- 9 | 10-12 || total
---------------------------+-------+-------+-------+-------++-------
  Melee: Unarmed           |   138 |   146 |   514 |   367 ||  1165
         Bite              |     7 |    27 |   105 |    82 ||   221
         Punch             |     3 |       |       |       ||     3
 Invoke: Sacrifice Arcana  |       |     1 |       |       ||     1
         Sacrifice Essence |       |       |     1 |     1 ||     2
         Reject Sacrifices |       |       |       |     1 ||     1
Ability: Bat Form          |     1 |       |       |       ||     1
         Exsanguinate      |     1 |       |       |       ||     1
         Evoke Invisibilit |       |       |       |     5 ||     5
  Evoke: Wand              |       |     1 |     1 |     7 ||     9
    Use: Scroll            |       |    13 |     8 |     3 ||    24
         Potion            |       |     2 |       |     2 ||     4
   Stab: Sleeping          |    17 |    10 |    36 |    29 ||    92
         Distracted        |       |     2 |     6 |     4 ||    12
         Invisible         |       |       |       |    21 ||    21
 Armour: Robe              |    17 |       |       |       ||    17
  Dodge: Dodged            |    95 |   131 |   452 |   348 ||  1026

Table legend: (Time is in decaauts)
 A = Elapsed time spent in this place.
 B = Non-inter-level travel time spent in this place.
 C = Inter-level travel time spent in this place.
 D = Time resting spent in this place.
 E = Time spent auto-exploring this place.
 F = Levels seen in this place.
 G = Mean time per level.
                   A        B        C        D        E       F      G
               +--------+--------+--------+--------+--------+-----+--------+
         Total |  10575 |  10184 |    391 |   2760 |   4510 |  15 |  705.0 |
       Dungeon |   7861 |   7478 |    383 |   1694 |   3687 |  11 |  714.6 |
        Temple |    302 |    295 |      7 |     23 |    117 |   1 |  302.0 |
          Lair |   1352 |   1352 |      0 |    567 |    463 |   1 | 1352.0 |
       Ossuary |    569 |    569 |      0 |    255 |     96 |   1 |  569.0 |
        Bailey |    490 |    490 |      0 |    220 |    145 |   1 |  490.0 |
               +--------+--------+--------+--------+--------+-----+--------+

Top non-repeatable levels by time:
  Lair:1: 1352 daAuts
     D:6: 1158 daAuts
     D:1: 1020 daAuts
     D:9: 875 daAuts
     D:2: 861 daAuts
     D:8: 816 daAuts
     D:7: 788 daAuts
     D:5: 637 daAuts
 Ossuary: 569 daAuts
     D:4: 511 daAuts
  Bailey: 490 daAuts
     D:3: 467 daAuts
    D:10: 435 daAuts
  Temple: 302 daAuts
    D:11: 288 daAuts
